 Dungeon Crawl Stone Soup version 0.17.1-1-g73c8601 (webtiles) character file.

625 Nyvrem the Ruffian (level 7, 0/70 HPs)
             Began as a Troll Monk on Dec 20, 2015.
             Was a Believer of the Shining One.
             Slain by a centaur (7 damage)
             ... on level 5 of the Dungeon.
             The game lasted 00:10:07 (2966 turns).

Nyvrem the Ruffian (Troll Monk)                     Turns: 2966, Time: 00:10:07

Health: 0/70       AC:  5    Str: 20    XL:     7   Next: 23%
Magic:  6/6        EV: 12    Int:  6    God:    the Shining One [**....]
Gold:   258        SH:  0    Dex: 14    Spells: 0 memorised, 6 levels left

rFire  . . .     SeeInvis .       - Unarmed
rCold  . . .     Clarity  .     u - +0 animal skin
rNeg   + . .     SustAt   .     (no shield)
rPois  .         Gourm    +     (helmet restricted)
rElec  .         Spirit   .     (no cloak)
rCorr  .         Warding  .     (gloves unavailable)
rMut   .         Stasis   .     (boots unavailable)
MR     .....                    e - amulet of regeneration
Stlth  +.........               (no ring)
                                (no ring)

@: glowing, not resistant to hostile enchantments, very unstealthy
A: unfitting armour, claws 3, fast metabolism 3, gourmand, regeneration 2,
shaggy fur 1, tough skin 2
a: Divine Shield, Renounce Religion


You were on level 5 of the Dungeon.
You worshipped the Shining One.
The Shining One was pleased with you.
You were not hungry.

You visited 2 branches of the dungeon, and saw 6 of its levels.

You collected 258 gold pieces.

Inventory:

Armour
 u - a +0 animal skin (worn)
 v - a +0 cloak
Jewellery
 a - a +3 ring of strength {unknown}
 e - an amulet of regeneration (around neck)
 p - an uncursed amulet of rage {unknown}
Wands
 s - a wand of teleportation (2)
 w - a wand of random effects (28)
Scrolls
 d - a scroll of enchant armour {unknown}
 g - 5 scrolls of remove curse
 h - a scroll of fear {unknown}
 k - 8 scrolls of identify {unknown}
 q - a scroll of teleportation {unknown}
 t - a scroll of random uselessness {unknown}
Potions
 c - 5 potions of curing {unknown}
 f - a potion of haste
 i - a potion of beneficial mutation {unknown}
 j - 2 potions of heal wounds {unknown}
 m - a potion of might {unknown}
 n - a potion of mutation {unknown}
 o - 2 potions of degeneration {unknown}
 r - a potion of invisibility {unknown}
Comestibles
 b - 2 bread rations
 l - 4 meat rations


   Skills:
 + Level 4.0 Fighting
 + Level 4.8 Dodging
 - Level 1.1 Stealth
 + Level 6.1 Unarmed Combat


You had 6 spell levels left.
You didn't know any spells.

Dungeon Overview and Level Annotations

Branches:
Dungeon (5/15)             Temple (1/1) D:4

Altars:
Ashenzari
Cheibriados
Dithmenos
Elyvilon
Fedhas
Gozag
Kikubaaqudgha
Nemelex Xobeh
Ru
Sif Muna
Trog
Vehumet
Xom
Yredelemnul
Zin
The Shining One


Innate Abilities, Weirdness & Mutations

You are too large for most types of armour.
You have claws for hands.
Your metabolism is lightning-fast.
You like to eat raw meat.
You heal very quickly.
You are covered in fur (AC +1).
You have very tough skin (AC +2).


Message History

The centaur wields a shortbow.
The centaur shoots an arrow.
The arrow closely misses you.
The centaur shoots an arrow.
The arrow hits you.
You continue eating.
The centaur shoots an arrow.
The arrow hits you!
The centaur shoots an arrow.
The arrow completely misses you.
The centaur shoots an arrow.
The arrow hits you!
* * * LOW HITPOINT WARNING * * *
The centaur shoots an arrow.
The arrow completely misses you.
The centaur shoots an arrow.
The arrow hits you!
* * * LOW HITPOINT WARNING * * *
You see here 2 arrows.
The centaur shoots an arrow.
The arrow hits you!
* * * LOW HITPOINT WARNING * * *
You see here an arrow.
A giant gecko skeleton comes into view.
You claw the centaur!
The centaur is severely wounded.
The centaur unwields an uncursed shortbow.
The centaur hits you!
You die...

#.# #.# #.#
#.# #
Z...####
#c#....
#c..#.#
+@###.#
#(....#
#.##+##(#.###
........(.#
#.#.#.#(#.#
###...# #####


You could see 2 centaurs and a giant gecko skeleton.

Vanquished Creatures
  Eustachio (D:5)
  2 ogres (D:4)
  Ijyb (D:3)
  A giant frog skeleton (D:4)
  A worker ant (D:4)
  Terence (D:2)
  Natasha (thrice) (D:4)
  Robin (D:3)
  7 adders
  2 oozes (D:1)
  3 worms
  5 orcs
  17 goblins
  14 hobgoblins
  8 kobolds
  2 quokkas (D:2)
  2 ball pythons
  7 bats
  4 giant cockroaches
  2 giant geckos
  8 giant newts
  8 rats
100 creatures vanquished.

Notes
Turn   | Place    | Note
--------------------------------------------------------------
     0 | D:1      | Nyvrem the Troll Monk began the quest for the Orb.
     0 | D:1      | Reached XP level 1. HP: 22/22 MP: 0/0
   172 | D:1      | Reached XP level 2. HP: 25/29 MP: 1/1
   410 | D:1      | Reached XP level 3. HP: 36/36 MP: 2/2
   965 | D:2      | Found a shadowy altar of Dithmenos.
  1005 | D:2      | Noticed Terence
  1019 | D:2      | Killed Terence
  1019 | D:2      | Reached XP level 4. HP: 23/45 MP: 3/3
  1083 | D:2      | Reached skill level 5 in Unarmed Combat
  1506 | D:3      | Found a sacrificial altar of Ru.
  1544 | D:3      | Reached XP level 5. HP: 45/53 MP: 4/4
  1623 | D:3      | Found a shattered altar of Ashenzari.
  1627 | D:3      | Saw a vision of the Shoals and the Spider Nest.
  1627 | D:3      | Noticed a redback
  1627 | D:3      | Noticed a redback
  1627 | D:3      | Noticed a merfolk
  1627 | D:3      | Noticed a siren
  1627 | D:3      | Noticed a siren
  1627 | D:3      | Noticed a sea snake
  1627 | D:3      | Noticed a centaur
  1628 | D:3      | Noticed a siren
  1628 | D:3      | Noticed a merfolk
  1629 | D:3      | Noticed a wolf spider
  1678 | D:3      | Noticed Robin
  1695 | D:3      | Killed Robin
  1737 | D:3      | Noticed Ijyb
  1747 | D:3      | Killed Ijyb
  2077 | D:4      | Found a blossoming altar of Fedhas.
  2174 | D:4      | Noticed Natasha
  2182 | D:4      | Killed Natasha
  2182 | D:4      | Reached XP level 6. HP: 56/61 MP: 5/5
  2212 | D:4      | Noticed an ogre
  2220 | D:4      | Killed an ogre
  2241 | D:4      | Found a staircase to the Ecumenical Temple.
  2248 | D:4      | Noticed an ogre
  2257 | D:4      | Killed an ogre
  2265 | Temple   | Entered the Ecumenical Temple
  2460 | Temple   | Became a worshipper of the Shining One
  2460 | Temple   | Reached * piety under the Shining One
  2460 | Temple   | Reached ** piety under the Shining One
  2673 | D:4      | Noticed Natasha
  2676 | D:4      | Killed Natasha
  2944 | D:4      | Noticed Natasha
  2948 | D:4      | Killed Natasha
  2953 | D:5      | Entered Level 5 of the Dungeon
  2953 | D:5      | Noticed Eustachio
  2957 | D:5      | Killed Eustachio
  2957 | D:5      | Reached skill level 6 in Unarmed Combat
  2957 | D:5      | Reached XP level 7. HP: 70/70 MP: 6/6
  2966 | D:5      | Slain by a centaur

Action                   |  1- 3 |  4- 6 |  7- 9 || total
-------------------------+-------+-------+-------++-------
Melee: Unarmed           |   102 |   142 |     1 ||   245
  Use: Scroll            |       |     1 |       ||     1
 Stab: Sleeping          |       |     2 |       ||     2
  Eat: Chunk             |    15 |     3 |     1 ||    19
       Bread ration      |       |     2 |       ||     2
